 Dungeon Crawl Stone Soup version 0.28-a0-1212-gc6b4282bc0 (webtiles) character file.

Game seed: 16283391744028015512

63459 Htamos the Peltast (level 14, 0/144 HPs)
             Began as a Troll Earth Elementalist on Dec 21, 2021.
             Was the Champion of Okawaru.
             Slain by an entropy weaver (6 damage)
             ... on level 1 of the Spider Nest.
             The game lasted 01:33:18 (23893 turns).

Htamos the Peltast (Troll Earth Elementalist)      Turns: 23893, Time: 01:33:18

Health: 0/144      AC:  7    Str: 19    XL:     14   Next: 68%
Magic:  14/14      EV:  9    Int: 11    God:    Okawaru [******]
Gold:   1214       SH:  0    Dex: 14    Spells: 10/15 levels left

rFire   . . .      SeeInvis .     - Unarmed
rCold   . . .      Faith    .   v - +3 tower shield
rNeg    . . .      Spirit   .   f - +0 troll leather armour
rPois   +          Reflect  +   u - +0 hat
rElec   .          Harm     .   e - +0 cloak
rCorr   +          Rampage  .   (gloves unavailable)
Will    ++...                   (boots unavailable)
Stlth   +.........              P - amulet of reflection
HPRegen 1.94/turn               j - ring of poison resistance
MPRegen 0.14/turn               C - ring "Mucsaep" {Will+ rCorr}

@: confused, ambrosia-drunk
A: large, unfitting armour, claws 3, regeneration 1, shaggy fur 1, tough skin 1
a: Renounce Religion, Heroism, Finesse, Duel


You were on level 1 of the Spider Nest.
You worshipped Okawaru.
Okawaru was exalted by your worship.
You visited 5 branches of the dungeon, and saw 21 of its levels.
You also visited: Sewer.

You collected 1872 gold pieces.
You spent 658 gold pieces at shops.

Inventory:

Hand Weapons
 b - the +3 long sword of Evisceration {flame, *Noise Dex+8}
   (Okawaru gifted it to you on level 5 of the Lair of Beasts)

   It burns those it strikes, dealing additional fire damage.
   Big, fiery blades are also staple armaments of hydra-hunters.
   Dex:       It affects your dexterity (+8).
   *Noise:    It may make noises in combat.
 l - the +8 dire flail of Existentialism {flame, Str+6}
   (Okawaru gifted it to you on level 1 of the Lair of Beasts)

   It burns those it strikes, dealing additional fire damage.
   Str:       It affects your strength (+6).
 K - a +0 long sword of draining
 O - the +6 hunting sling of Meblaisch {vorpal, rN+ Int+3 Dex-5}
   (You found it on level 4 of the Lair of Beasts)

   Any ammunition fired from it inflicts extra damage upon your enemies.
   Int:       It affects your intelligence (+3).
   Dex:       It affects your dexterity (-5).
   rN:        It protects you from negative energy.
 Q - a +4 broad axe
 R - a +2 great sword of holy wrath
Missiles
 c - 432 stones
 D - 2 throwing nets
 F - 9 large rocks
Armour
 e - a +0 cloak (worn)
 f - a +0 troll leather armour (worn)
 h - the +2 shield of Resistance {rF++ rC++ Will++}
   (You acquired it on level 1 of the Orcish Mines)

   rF:        It greatly protects you from fire.
   rC:        It greatly protects you from cold.
   Will:      It greatly increases your willpower.
 r - a +1 tower shield of reflection
 u - a +0 hat (worn)
 v - a +3 tower shield (worn)
Jewellery
 j - a ring of poison resistance (left claw)
 w - a ring of fire
 A - a ring of protection from fire
 C - the ring "Mucsaep" (right claw) {Will+ rCorr}
   (You acquired it on level 1 of the Lair of Beasts)

   [ring of resist corrosion]

   rCorr:     It protects you from acid and corrosion.
   Will:      It increases your willpower.
 M - a ring of flight
 P - an amulet of reflection (around neck)
Wands
 g - a wand of digging (3)
 I - a wand of polymorph (11)
 S - a wand of paralysis (10)
 U - a wand of iceblast (1)
 Z - a wand of mindburst (7)
Scrolls
 k - a scroll of torment
 o - a scroll of teleportation
 p - 5 scrolls of noise
 q - 2 scrolls of vulnerability
 s - 4 scrolls of enchant weapon
 y - a scroll of holy word
 E - a scroll of brand weapon
 G - a scroll of amnesia
 H - a scroll of silence
 V - a scroll of enchant armour
 W - 3 scrolls of immolation
 Y - 2 scrolls of magic mapping
Potions
 a - a potion of might
 d - 9 potions of flight
 i - 3 potions of haste
 m - a potion of brilliance
 t - a potion of resistance
 B - 2 potions of mutation
 L - a potion of magic
 N - 2 potions of lignification
 X - a potion of invisibility
Miscellaneous
 z - a lightning rod (4/4)


   Skills:
 + Level 10.5 Fighting
 + Level 3.4 Armour
 - Level 1.5 Dodging
 - Level 1.0 Stealth
 - Level 15.0 Shields
 + Level 13.1 Unarmed Combat
 - Level 1.2 Spellcasting
 - Level 3.0 Translocations
 - Level 3.0 Transmutations
 - Level 3.2 Earth Magic


You had 10 spell levels left.
You knew the following spells:

 Your Spells              Type           Power      Damage    Failure   Level
a - Sandblast             Erth           14%        2d6       10%         1
b - Blink                 Tloc           14%        N/A       16%         2
c - Passwall              Tmut/Erth      5%         N/A       16%         2

Your spell library contained the following spells:

 Spells                   Type           Power      Damage    Failure   Level
 Sting                    Tmut/Pois      12%        1d3       21%         1
 Lesser Beckoning         Tloc           7%         N/A       32%         3
 Shock                    Conj/Air       0%         1d3       36%         1
 Slow                     Hex            0%         N/A       36%         1
 Corpse Rot               Necr/Air       0%         N/A       50%         2
 Poisonous Vapours        Pois/Air       0%         N/A       50%         2
 Stone Arrow              Conj/Erth      8%         3d7       50%         3
 Portal Projectile        Hex/Tloc       6%         N/A       52%         3
 Petrify                  Tmut/Erth      7%         N/A       69%         4
 Passage of Golubria      Tloc           7%         N/A       71%         4
 Confusing Touch          Hex            0%         N/A       73%         3
 Swiftness                Air            0%         N/A       73%         3
 Vampiric Draining        Necr           0%         2d6       73%         3
 Blade Hands              Tmut           3%         N/A       96%         5
 Manifold Assault         Tloc           7%         N/A       96%         5
 Airstrike                Air            0%         N/A       98%         4
 Cause Fear               Hex            0%         N/A       98%         4
 Dispel Undead            Necr           0%         3d6       98%         4
 Olgreb's Toxic Radiance  Pois           0%         N/A       98%         4
 Irradiate                Conj/Tmut      1%         3d14      99%         5
 Yara's Violent Unravell  Hex/Tmut       1%         3d3       99%         5
 Excruciating Wounds      Necr           0%         N/A       100%        5
 Dragon Form              Tmut           3%         N/A       100%        7
 Tukima's Dance           Hex            Unusable   N/A       N/A         3
 Death Channel            Necr           Unusable   N/A       N/A         6
 Dragon's Call            Summ           Unusable   N/A       N/A         9

Dungeon Overview and Level Annotations

Branches:
Dungeon (11/15)            Temple (1/1) D:5            Lair (6/6) D:9
  Swamp (0/4) Lair:4       Spider (1/4) Lair:4          Orc (2/2) D:10
    Elf (0/3) Orc:2         Sewer (visited)
  Slime: Lair:5-6

Altars:
Ashenzari
Cheibriados
Dithmenos
Fedhas
Gozag
Hepliaklqana
Kikubaaqudgha
Makhleb
Nemelex Xobeh
Okawaru
Qazlal
Ru
Sif Muna
Trog
Vehumet
Wu Jian
Xom
Yredelemnul
Zin
The Shining One

Shops:
D:2 *   D:6 ***   D:8 (

Annotations:
Lair:1 exclusion: downstairs
Lair:4 Kirke
Spider:1 exclusion: oklob plant
Orc:1 Relut's ghost, journeyman TrMo
Orc:2 8 exclusions


Innate Abilities, Weirdness & Mutations

You are too large for most types of armour.
You have claws for hands.
Your natural rate of healing is unusually fast.
You are covered in fur. (AC +1)
You have tough skin. (AC +1)


Message History

* * * LOW HITPOINT WARNING * * *
The entropy weaver hits you!
* * * LOW HITPOINT WARNING * * *
Unknown command.
You feel strangely stable.
Your magical effects are unravelling.
You feel magically purged.
You are no longer corroded.
The entropy weaver points at you and mumbles some strange words.
You block the entropy weaver's attack. The entropy weaver hits you!
* * * LOW HITPOINT WARNING * * *
The entropy weaver hits you!
* * * LOW HITPOINT WARNING * * *
You block the entropy weaver's attack.
Unknown command.
You feel much better.
You block the entropy weaver's attack. x2
The entropy weaver hits you!
* * * LOW HITPOINT WARNING * * *
The entropy weaver hits you.
* * * LOW HITPOINT WARNING * * *
Unknown command.
The acid dragon spits acid at you. The splash of acid hits you. You resist.
* * * LOW HITPOINT WARNING * * *
Unknown command.
You block the entropy weaver's attack. x2; The entropy weaver hits you.
* * * LOW HITPOINT WARNING * * *
You block the entropy weaver's attack.
Unknown command.
You are confused.
You feel invigorated. The entropy weaver hits you!
* * * LOW HITPOINT WARNING * * *
The entropy weaver hits you.
* * * LOW HITPOINT WARNING * * *
The entropy weaver hits you!
* * * LOW HITPOINT WARNING * * *
The entropy weaver barely misses you.
Unknown command.
The entropy weaver hits you.
You die...

...#...........#
^..#^.#.##...[###
...##...........##
####.........##..##
...##....#####....#
.....#...######..##
#..###..##.#.##..#
....#...##.......#
.####...[##..[DB@#
. ##>..##...#### #
######D### #..#
#BP# #..D .....
###.## ##


You could see an entropy weaver and 2 acid dragons.

Vanquished Creatures
  The ghost of
  1994 the Tainter, a journeyman FoVM of Uskayaw (Lair:4)
  An entropy weaver (Spider:1)
  The ghost of Onkuvak the Brawler, a journeyman TrMo of Elyvilon (Lair:3)
  4 hydras
  A boulder beetle (Lair:4)
  A catoblepas (Lair:4)
  5 two-headed ogres
  5 death yaks (Lair:2)
  7 orb spiders
  An orc sorcerer (Orc:1)
  4 deep elf pyromancers (Orc:2)
  6 wolf spiders
  A cyclops (Orc:1)
  A manticore (Lair:5)
  18 elephants
  2 torpor snails
  5 black mambas
  8 cane toads
  Maggie (D:7)
  An unseen horror (D:10)
  A kobold demonologist (D:11)
  7 rime drakes
  5 komodo dragons
  5 demonic crawlers (Spider:1)
  16 jumping spiders
  A hornet (Spider:1)
  3 polar bears
  5 trolls
  Grinder (D:5)
  A spriggan (Lair:2)
  2 shadows
  15 redbacks
  10 wyverns
  11 tarantellas
  38 yaks
  4 hogs
  6 basilisks
  3 vampire mosquitoes (D:7)
  4 acid dragons
  15 water moccasins
  A sky beast (D:5)
  11 orc warriors
  An ice beast (D:8)
  4 black bears
  A necrophage (D:7)
  5 ogres
  A phantom (D:4)
  18 wolves
  8 centaurs
  11 bullfrogs
  Blork the orc (D:5)
  A kobold brigand (D:9)
  A water moccasin zombie (D:5)
  4 gnoll sergeants
  A spectral warg (Orc:1)
  A wyvern skeleton (D:7)
  8 wights
  5 electric eels
  A howler monkey (D:6)
  4 centaur zombies
  3 hounds (D:9)
  A jelly (D:8)
  Crazy Yiuf (D:7)
  A gnoll shaman (D:8)
  7 orc priests
  2 iguanas
  Ijyb (D:4)
  9 orc wizards
  8 hell rats (Lair:5)
  A killer bee zombie (D:8)
  16 gnolls
  7 adders
  A white imp (D:7)
  2 ufetubi
  An orc simulacrum (Orc:1)
  An adder zombie (D:5)
  10 worms
  2 dart slugs (D:2)
  27 orcs
  14 bats
  7 endoplasms
  7 giant cockroaches
  5 goblins
  5 hobgoblins
  11 jackals
  9 kobolds
  5 quokkas
  10 ball pythons
  5 frilled lizards
  A quokka skeleton (D:4)
  3 rats (D:1)
  A butterfly (Lair:2)
499 creatures vanquished.

Vanquished Creatures (others)
  2 deep elf pyromancers (Orc:2)
  An orb spider (Spider:1)
  An orc wizard (D:8)
  29 fungi
  28 plants
61 creatures vanquished.

Grand Total: 560 creatures vanquished

Notes
Turn   | Place    | Note
-------+----------+-------------------------------------------
     0 | D:1      | Htamos the Troll Earth Elementalist began the quest for the
                  | Orb.
     0 | D:1      | Reached XP level 1. HP: 16/16 MP: 1/1
    75 | D:1      | Reached skill level 1 in Unarmed Combat
    76 | D:1      | Reached XP level 2. HP: 26/26 MP: 2/2
   222 | D:1      | Found a faded altar of an unknown god.
   230 | D:1      | Got Plato's Incunabulum of Feathers
  1131 | D:2      | Reached XP level 3. HP: 32/32 MP: 0/3
  1190 | D:2      | Reached skill level 1 in Fighting
  1425 | D:2      | Found Jahi Fyv's Assorted Antiques.
  1762 | D:3      | Reached XP level 4. HP: 39/41 MP: 4/4
  1799 | D:3      | Learned a level 2 spell: Blink
  1802 | D:3      | Learned a level 2 spell: Passwall
  1809 | D:3      | You fall into a shaft and drop 1 floor!
  2005 | D:4      | Noticed Ijyb
  2029 | D:4      | Killed Ijyb
  2030 | D:4      | Reached skill level 1 in Transmutations
  2030 | D:4      | Reached XP level 5. HP: 48/48 MP: 5/5
  2485 | D:4      | Noticed an ogre
  2490 | D:4      | Noticed a phantom
  2584 | D:4      | Killed a phantom
  2585 | D:4      | Reached skill level 1 in Translocations
  2588 | D:4      | Reached XP level 6. HP: 44/57 MP: 0/6
  2853 | D:4      | Found an ancient bone altar of Kikubaaqudgha.
  3114 | D:5      | Entered Level 5 of the Dungeon
  3122 | D:5      | Found a glowing drain.
  3179 | D:5      | Found a staircase to the Ecumenical Temple.
  3188 | Temple   | Entered the Ecumenical Temple
  3279 | Temple   | Became a worshipper of Warmaster Okawaru
  3335 | Sewer    | Entered a sewer
  3860 | D:5      | Noticed Grinder
  3864 | D:5      | Noticed Blork the orc
  4036 | D:6      | Found Meamey's General Store.
  4043 | D:6      | Bought a scroll of teleportation for 36 gold pieces
  4043 | D:6      | Bought a scroll of identify for 24 gold pieces
  4043 | D:6      | Bought a wand of flame (7) for 54 gold pieces
  4088 | D:5      | Reached XP level 7. HP: 40/66 MP: 7/7
  4391 | D:6      | Reached * piety under Okawaru
  4392 | D:6      | Reached skill level 5 in Unarmed Combat
  4605 | D:6      | Found Hogen's General Store.
  4763 | D:6      | Found Zosib's General Store.
  4767 | D:6      | Bought a scroll of identify for 26 gold pieces
  4767 | D:6      | Bought a +0 tower shield for 58 gold pieces
  5118 | D:5      | Killed Blork the orc
  5119 | D:5      | Reached skill level 1 in Shields
  5152 | D:5      | Killed Grinder
  5152 | D:5      | Reached ** piety under Okawaru
  5153 | D:5      | Reached XP level 8. HP: 56/75 MP: 8/8
  5200 | D:5      | Found a glowing silver altar of Zin.
  5474 | D:5      | Reached skill level 2 in Shields
  5546 | D:7      | Noticed Maggie
  6122 | D:6      | Reached skill level 3 in Shields
  6288 | D:8      | Noticed a two-headed ogre
  6480 | D:7      | Found a runed translucent door.
  6481 | D:7      | Noticed Crazy Yiuf
  6709 | D:7      | Reached skill level 4 in Shields
  6789 | D:7      | Killed Maggie
  6789 | D:7      | Reached *** piety under Okawaru
  6790 | D:7      | Reached skill level 5 in Shields
  6790 | D:7      | Reached XP level 9. HP: 47/84 MP: 9/9
  7338 | D:7      | Reached skill level 6 in Shields
  7440 | D:7      | Killed Crazy Yiuf
  7814 | D:9      | Reached skill level 7 in Shields
  7969 | D:9      | Reached **** piety under Okawaru
  8003 | D:9      | Found a staircase to the Lair.
  8313 | D:9      | Noticed a troll
  8329 | D:9      | Noticed a two-headed ogre
  8623 | D:9      | Killed a two-headed ogre
  8624 | D:9      | Reached skill level 8 in Shields
  8624 | D:9      | Reached XP level 10. HP: 51/92 MP: 10/10
  8844 | D:10     | Entered Level 10 of the Dungeon
  8941 | D:10     | Reached skill level 9 in Shields
  8947 | D:10     | Reached ***** piety under Okawaru
  9058 | D:10     | Noticed a two-headed ogre
  9169 | D:9      | Killed a two-headed ogre
  9170 | D:9      | Reached skill level 10 in Shields
  9362 | D:10     | Received a gift from Okawaru
  9500 | D:10     | Reached skill level 11 in Shields
  9727 | D:10     | Found a staircase to the Orcish Mines.
  9861 | Orc:1    | Entered Level 1 of the Orcish Mines
 10066 | Orc:1    | Noticed a cyclops
 10085 | Orc:1    | Killed a cyclops
 10086 | Orc:1    | Reached XP level 11. HP: 47/98 MP: 11/11
 10116 | Orc:1    | Noticed an orc sorcerer
 10134 | Orc:1    | Killed an orc sorcerer
 10247 | Orc:1    | Found a runed translucent gate.
 10249 | Orc:1    | Found a runed translucent gate.
 10249 | Orc:1    | Found a runed translucent gate.
 10265 | Orc:1    | Noticed Relut's ghost (journeyman TrMo)
 10513 | Orc:2    | Entered Level 2 of the Orcish Mines
 10650 | Orc:2    | Found a staircase to the Elven Halls.
 10655 | Orc:2    | Noticed a two-headed ogre
 10755 | Orc:1    | Killed a two-headed ogre
 10756 | Orc:1    | Reached skill level 12 in Shields
 10967 | Orc:2    | Noticed a deep elf pyromancer
 10967 | Orc:2    | Noticed a deep elf pyromancer
 10967 | Orc:2    | Noticed a deep elf pyromancer
 10971 | Orc:2    | Noticed a deep elf pyromancer
 10971 | Orc:2    | Noticed a deep elf pyromancer
 10971 | Orc:2    | Noticed a deep elf zephyrmancer
 10971 | Orc:2    | Noticed a deep elf zephyrmancer
 10971 | Orc:2    | Noticed a deep elf zephyrmancer
 10971 | Orc:2    | Noticed a deep elf pyromancer
 10971 | Orc:2    | Noticed a deep elf pyromancer
 11002 | Orc:2    | Killed a deep elf pyromancer
 11063 | Orc:2    | Killed a deep elf pyromancer
 11069 | Orc:2    | Killed a deep elf pyromancer
 11140 | Orc:2    | Killed a deep elf pyromancer
 11146 | Orc:2    | Killed a deep elf pyromancer
 11357 | Orc:2    | Killed a deep elf pyromancer
 11469 | Orc:2    | Noticed an orc knight
 11848 | D:10     | Reached skill level 13 in Shields
 12067 | D:11     | Found a radiant altar of Vehumet.
 12603 | Orc:2    | an orc knight changed into a black bear
 12732 | Orc:2    | Reached ****** piety under Okawaru
 13077 | Orc:1    | Identified 2 scrolls of acquirement
 13077 | Orc:1    | Acquired the +2 shield of Resistance {rF++ rC++ Will++}
 13077 | Orc:1    | Found the +2 shield of Resistance {rF++ rC++ Will++}
 13175 | Lair:1   | Entered Level 1 of the Lair of Beasts
 13967 | Lair:1   | Identified the +8 dire flail of Existentialism {flame,
                  | Str+6} (Okawaru gifted it to you on level 1 of the Lair of
                  | Beasts)
 13967 | Lair:1   | Received a gift from Okawaru
 13989 | Lair:1   | Reached XP level 12. HP: 103/109 MP: 12/12
 14468 | Lair:2   | Identified the +1 robe "Huutur" {Dex+6}
 14554 | Lair:2   | Reached skill level 14 in Shields
 14753 | Lair:2   | Reached skill level 5 in Fighting
 14940 | Lair:2   | Noticed a death yak
 14940 | Lair:2   | Noticed a death yak
 14940 | Lair:2   | Noticed a death yak
 14947 | Lair:2   | Noticed a death yak
 14951 | Lair:2   | Noticed a death yak
 14968 | Lair:2   | Killed a death yak
 15036 | Lair:2   | Killed a death yak
 15052 | Lair:2   | Killed a death yak
 15072 | Lair:2   | Killed a death yak
 15126 | Lair:2   | Killed a death yak
 15126 | Lair:2   | Received a gift from Okawaru
 15731 | Lair:3   | Noticed an eight-headed hydra
 15829 | Lair:1   | Acquired the ring "Mucsaep" {Will+ rCorr}
 16359 | D:8      | Killed a two-headed ogre
 16460 | D:8      | Found Wiano's Antique Weapon Shop.
 16473 | D:8      | Bought a glowing broad axe for 140 gold pieces
 16478 | D:8      | Bought a runed long sword for 130 gold pieces
 16478 | D:8      | Bought a glowing great sword for 190 gold pieces
 16571 | D:8      | Found a shimmering altar of Xom.
 16572 | D:8      | Noticed a two-headed ogre
 16618 | D:8      | Killed a two-headed ogre
 16618 | D:8      | Received a gift from Okawaru
 16619 | D:8      | Reached skill level 15 in Shields
 17583 | Lair:3   | Reached XP level 13. HP: 122/122 MP: 13/13
 17750 | Lair:3   | Found a runed translucent door.
 17755 | Lair:3   | Noticed Onkuvak's ghost (journeyman TrMo)
 18263 | Lair:3   | Killed Onkuvak's ghost
 18341 | Lair:4   | Identified the +6 hunting sling of Meblaisch {vorpal, rN+
                  | Int+3 Dex-5}
 18450 | Lair:4   | Found a staircase to the Swamp.
 18476 | Lair:4   | Found a hole to the Spider Nest.
 18579 | Lair:4   | Identified the -3 tower shield of the Sun {Int+5}
 19202 | Lair:5   | Identified the +3 long sword of Evisceration {flame, *Noise
                  | Dex+8} (Okawaru gifted it to you on level 5 of the Lair of
                  | Beasts)
 19202 | Lair:5   | Received a gift from Okawaru
 19257 | Lair:5   | Reached skill level 10 in Unarmed Combat
 19295 | Lair:5   | You fall into a shaft and drop 1 floor!
 19295 | Lair:6   | Entered Level 6 of the Lair of Beasts
 19297 | Lair:6   | Noticed Kirke
 19403 | Lair:5   | Found a sacrificial altar of Ru.
 19915 | Lair:5   | Identified the +0 robe of Sunlight {rF+ rN+ rCorr Dex-4}
                  | (Okawaru gifted it to you on level 5 of the Lair of Beasts)
 19915 | Lair:5   | Received a gift from Okawaru
 20694 | Lair:4   | Reached XP level 14. HP: 140/140 MP: 14/14
 20869 | Lair:4   | Found a runed translucent door.
 20870 | Lair:4   | Noticed 1994's ghost (journeyman FoVM)
 21187 | Lair:4   | Killed 1994's ghost
 21384 | Lair:4   | Noticed a sphinx
 21463 | Spider:1 | Entered Level 1 of the Spider Nest
 22069 | Spider:1 | Reached skill level 10 in Fighting
 22072 | Spider:1 | Reached skill level 1 in Armour
 22648 | Spider:1 | Identified the +2 robe of Butuapetz {rC+ Int+2} (Okawaru
                  | gifted it to you on level 1 of the Spider Nest)
 22648 | Spider:1 | Received a gift from Okawaru
 23597 | Spider:1 | Acquired a +1 tower shield of reflection
 23886 | Spider:1 | HP: 2/144 [entropy weaver (7)]
 23892 | Spider:1 | HP: 1/144 [entropy weaver (7)]
 23893 | Spider:1 | Slain by an entropy weaver

Illustrated notes

Levels and vault maps discovered:
D:1:      giann_forest_graveyard, layout_basic,
          shapermc_ecumenical_altar_rom_forum, minmay_misc_feat_alley,
          minmay_misc_feat_square, st_stairs_12, hex_tiny, minmay_statues_item
D:2:      layout_loops_cross, serial_shops, nicolae_shop_overgrown_old_shop
D:3:      layout_rooms, minmay_misc_feat_enclosed, nicolae_wormholes
D:4:      layout_basic, kennysheep_mini_moat, uniq_ijyb
D:5:      layout_basic, zin_statuary, temple_green, portal_sewer_entry_f,
          uniq_grinder, uniq_blork_the_orc
D:6:      layout_cave_pods, serial_shops, nicolae_diamond_shop, kennysheep_mini,
          shop_fountains
D:7:      layout_layer_cave, fountainhead, uniq_maggie, uniq_crazy_yiuf_cottage
D:8:      layout_basic, xom_confusion_cloud, serial_shops,
          nicolae_shop_window_shopping
D:9:      layout_rooms, erik_lair_island
D:10:     layout_stronghold, orc_0_dummy
D:11:     layout_small_grid, nicolae_vehumet_radiance
Temple:   mainiacjoe_temple_bowtie_tessellation
Lair:1:   layout_roguey
Lair:2:   layout_regular_city, nicolae_quartered_pool_impasse,
          grunt_forest_stairs_clearing, lemuel_fruit_fields, grunt_megastairs_5,
          serial_bayou_shore_a, infiniplex_staircase_pool
Lair:3:   layout_cellular_growth, ebering_ghost_reflecting_pool
Lair:4:   layout_layer_cave, swamp_mist_pool, nicolae_spider_entry_orb_guardian,
          ebering_ghost_inner_flame, lemuel_fruit_tree
Lair:5:   layout_cave_shapes, special_room [special_room_mythical_zoo],
          basic_altar, eino_small_chamber_without_monster
Lair:6:   minmay_lair_end_enchanted_forest, layout_small_grid, slime_altar_1,
          special_room [special_room_bee], uniq_sonja, uniq_kirke
Spider:1: nicolae_spider_hilbert_zone_2 [nicolae_spider_hilbert_4_sides_1_open,
          nicolae_spider_hilbert_4_sides_1_open,
          nicolae_spider_hilbert_4_sides_1_open,
          nicolae_spider_hilbert_4_sides_1_open,
          nicolae_spider_hilbert_6_sides_1_open,
          nicolae_spider_hilbert_6_sides_1_open,
          nicolae_spider_hilbert_3_sides_1_open,
          nicolae_spider_hilbert_3_sides_1_open,
          nicolae_spider_hilbert_3_sides_1_open,
          nicolae_spider_hilbert_3_sides_1_open,
          nicolae_spider_hilbert_6_sides_1_open,
          nicolae_spider_hilbert_6_sides_1_open,
          nicolae_spider_hilbert_6_sides_1_open,
          nicolae_spider_hilbert_6_sides_1_open], nicolae_spider_acid_house
Orc:1:    layout_caves, gammafunk_ghost_necromancy
Orc:2:    st_orc_rangers, layout_caves, nicolae_orc_sculptors_studio,
          elves_outpost_lemuel

Skill      XL: |  1  2  3  4  5  6  7  8  9 10 11 12 13 14 |
---------------+-------------------------------------------+-----
Unarmed Combat | 1 2 3 4 5 6 8 11 13 | 13.1
Earth Magic    | 3 |  3.2
Fighting       | 1 2 3 4 6 9 10 | 10.5
Transmutations | 1 2 3 |  3.0
Translocations | 1 2 3 |  3.0
Shields        | 1 5 8 11 13 15 | 15.0
Armour         | 3 |  3.4
Dodging        | |  1.5
Stealth        | |  1.0
Spellcasting   | |  1.2

Action                   |  1- 3 |  4- 6 |  7- 9 | 10-12 | 13-15 || total
-------------------------+-------+-------+-------+-------+-------++-------
Melee: Unarmed           |   114 |   218 |   322 |  1186 |   942 ||  2782
       Punch             |       |     2 |       |       |       ||     2
       Long sword        |       |       |       |       |    40 ||    40
 Cast: Sandblast         |     2 |    20 |     9 |     7 |    88 ||   126
       Passwall          |       |       |       |       |     1 ||     1
Invok: Heroism           |       |       |     1 |     1 |       ||     2
Evoke: Wand              |       |       |    26 |    14 |     3 ||    43
  Use: Scroll            |     1 |     5 |     5 |    17 |    14 ||    42
       Potion            |       |     1 |     7 |       |    19 ||    27
 Stab: Sleeping          |     3 |     3 |     2 |     1 |       ||     9
       Petrified         |       |       |       |       |     1 ||     1
       Invisible         |       |       |       |       |     1 ||     1
Armor: Robe              |    63 |    76 |    43 |       |       ||   182
       Steam dragon scal |       |       |    33 |     3 |       ||    36
       Troll leather arm |       |       |       |   213 |   174 ||   387
Dodge: Dodged            |    49 |   126 |    90 |   250 |   228 ||   743
Block: Tower shield      |       |       |   266 |   810 |  1015 ||  2091
       Kite shield       |       |       |       |   267 |   230 ||   497
       Reflection        |       |       |       |     1 |     8 ||     9
       Other             |       |       |       |       |     2 ||     2

Table legend: (Time is in decaauts)
 A = Elapsed time spent in this place.
 B = Non-inter-level travel time spent in this place.
 C = Inter-level travel time spent in this place.
 D = Time resting spent in this place.
 E = Time spent auto-exploring this place.
 F = Levels seen in this place.
 G = Mean time per level.
                   A        B        C        D        E       F      G
               +--------+--------+--------+--------+--------+-----+--------+
         Total |  23933 |  22633 |   1300 |   1551 |  11012 |  22 | 1087.9 |
       Dungeon |  11582 |  10799 |    783 |    629 |   6294 |  11 | 1052.9 |
        Temple |    110 |     92 |     18 |      0 |     79 |   1 |  110.0 |
          Lair |   7284 |   6831 |    453 |    355 |   3078 |   6 | 1214.0 |
   Spider Nest |   2114 |   2114 |      0 |    280 |    739 |   1 | 2114.0 |
  Orcish Mines |   2221 |   2177 |     44 |    287 |    454 |   2 | 1110.5 |
         Sewer |    620 |    620 |      0 |      0 |    367 |   1 |  620.0 |
               +--------+--------+--------+--------+--------+-----+--------+

Top non-repeatable levels by time:
  Lair:4: 2143 daAuts
Spider:1: 2114 daAuts
     D:7: 1485 daAuts
  Lair:2: 1450 daAuts
     D:9: 1401 daAuts
  Lair:3: 1391 daAuts
     D:6: 1363 daAuts
    D:10: 1263 daAuts
   Orc:1: 1261 daAuts
     D:8: 1228 daAuts
  Lair:5: 1198 daAuts
  Lair:1: 1087 daAuts
     D:4: 1031 daAuts
     D:1: 966 daAuts
   Orc:2: 960 daAuts
